 Dungeon Crawl Stone Soup version 0.24-a0-458-gfcb5e6da0e (webtiles) character file.

Game seed: 8424786842708211435

1320 Ijustatesigmund the Skirmisher (level 8, -4/87 HPs)
             Began as an Ogre Hunter on June 27, 2019.
             Killed by nerve-wracking pain
             ... invoked by an orc priest
              (10 damage)
             ... on level 6 of the Dungeon.
             The game lasted 00:13:29 (7785 turns).

Ijustatesigmund the Skirmisher (Ogre Hunter)        Turns: 7785, Time: 00:13:30

Health: -4/87      AC: 15    Str: 22    XL:     8   Next: 59%
Magic:  8/8        EV: 15    Int: 12    God:
Gold:   286        SH:  0    Dex: 16    Spells: 7/7 levels left

rFire    . . .     SeeInvis .   c - +2 mace (protect)
rCold    . . .     Gourm    .   (no shield)
rNeg     . . .     Faith    .   b - +1 robe
rPois    .         Spirit   .   (helmet restricted)
rElec    .         Reflect  .   (no cloak)
rCorr    .         Harm     .   (gloves unavailable)
MR       .....                  (boots unavailable)
Stlth    +++.......             (no amulet)
HPRegen  0.24/turn              e - +4 ring of protection
MPRegen  0.11/turn              (no ring)

@: mighty, agile, protection aura
A: large, unfitting armour, tough skin 1
a: no special abilities


You were on level 6 of the Dungeon.
You were hungry.

You visited 2 branches of the dungeon, and saw 7 of its levels.

You collected 286 gold pieces.

Inventory:

Hand Weapons
 a - a cursed +0 giant spiked club
 c - a +2 mace of protection (weapon)
Missiles
 d - 2 large rocks (quivered)
Armour
 b - a +1 robe (worn)
Jewellery
 e - a +4 ring of protection (left hand)
 o - an uncursed ring of protection from fire
Scrolls
 g - 2 scrolls of identify
 h - 4 scrolls of remove curse
 i - 2 scrolls of enchant armour
 j - a scroll of fog {unknown}
 r - a scroll of teleportation
Potions
 k - 3 potions of flight
 l - a potion of brilliance
Comestibles
 f - 11 rations


   Skills:
 - Level 7.0 Fighting
 - Level 4.0 Maces & Flails
 - Level 4.0 Throwing
 - Level 6.1 Armour
 + Level 1.7 Dodging
 - Level 0.6 Stealth


You had 7 spell levels left.
You didn't know any spells.
Your spell library contained the following spells:

 Spells                   Type           Power        Failure   Level  Hunger
 Animate Skeleton         Necr           N/A          32%         1    ##.....
 Apportation              Tloc           #.....       32%         1    ##.....
 Confusing Touch          Hex            #.....       32%         1    ##.....
 Summon Small Mammal      Summ           #...         32%         1    ##.....


Dungeon Overview and Level Annotations

Branches:
Dungeon (6/15)             Temple (1/1) D:5

Altars:
Ashenzari
Cheibriados
Dithmenos
Elyvilon
Fedhas
Gozag
Hepliaklqana
Kikubaaqudgha
Makhleb
Nemelex Xobeh
Okawaru
Qazlal
Ru
Sif Muna
Trog
Uskayaw
Vehumet
Wu Jian
Xom
Yredelemnul
Zin
The Shining One


Innate Abilities, Weirdness & Mutations

You are too large for most types of armour.
You have tough skin. (AC +1)


Message History

An orc comes into view. It is wielding a -3 hand axe.
The hound closely misses you.
Found a scroll of teleportation.
Something hits you but does no damage. The orc hits you with a +0 dagger.
* * * LOW HITPOINT WARNING * * *
The hound misses you.
The phantom blinks!
Something hits you but does no damage. The orc barely misses you.
Something hits you.
* * * LOW HITPOINT WARNING * * *
The hound misses you.
You see here a large rock.
You sock the orc!
Your weapon exudes an aura of protection.
You kill the orc!
Something hits you but does no damage.
The phantom blinks!
The hound bites you but does no damage. The hound bites you.
* * * LOW HITPOINT WARNING * * *
The orc priest calls down the wrath of Beogh upon you.
Pain shoots through your body!
You die...

#.####.###....#.#
#......# #....# #
######## #....#W#
#....#.###.
#....ยง......
##...####...
#.o(####.#
##ho..?..#
#@#......
#Z##.#..# !(. o#
.# .#..... .
###.####o #.. ..
#{# #.#


You could see a phantom, a hound, an orc priest, an orc and an adder zombie.

Vanquished Creatures
  Grinder (D:6)
  A hungry ghost (D:5)
  An ogre (D:4)
  A centaur (D:5)
  A bullfrog (D:6)
  A centaur zombie (D:4)
  5 orc priests
  5 orc wizards
  A bullfrog skeleton (D:6)
  A centaur skeleton (D:4)
  Jessica (D:2)
  Natasha (thrice) (D:2)
  3 worker ants
  A worker ant zombie (D:5)
  A gnoll (D:1)
  8 adders
  A shadow imp (D:5)
  4 worms
  3 dart slugs
  A leopard gecko (D:4)
  15 orcs
  10 bats
  A giant cockroach (D:1)
  5 goblins
  13 hobgoblins
  5 jackals
  A quokka (D:3)
  2 ball pythons
  6 frilled lizards
  4 kobolds
  9 rats
115 creatures vanquished.

Vanquished Creatures (others)
  An orc (D:5)
1 creature vanquished.

Grand Total: 116 creatures vanquished

Notes
Turn   | Place    | Note
-------+----------+-------------------------------------------
     0 | D:1      | Ijustatesigmund the Ogre Hunter began the quest for the
                  | Orb.
     0 | D:1      | Reached XP level 1. HP: 22/22 MP: 1/1
    90 | D:1      | Reached skill level 3 in Fighting
   364 | D:1      | Reached XP level 2. HP: 31/31 MP: 2/2
   633 | D:1      | Reached skill level 4 in Fighting
   723 | D:1      | Reached skill level 1 in Maces & Flails
   863 | D:1      | Reached XP level 3. HP: 20/39 MP: 3/3
  1114 | D:2      | Noticed Jessica
  1116 | D:2      | Noticed Natasha
  1180 | D:2      | Killed Natasha
  1180 | D:2      | Reached XP level 4. HP: 49/49 MP: 4/4
  1181 | D:2      | Killed Jessica
  1181 | D:2      | Reached skill level 5 in Fighting
  1391 | D:2      | Noticed Natasha
  1394 | D:2      | Killed Natasha
  1394 | D:2      | Reached XP level 5. HP: 42/57 MP: 5/5
  1430 | D:2      | Noticed Natasha
  2358 | D:2      | Killed Natasha
  2519 | D:2      | Found a sparkling altar of Nemelex Xobeh.
  3091 | D:2      | Reached skill level 6 in Fighting
  3091 | D:2      | Reached XP level 6. HP: 36/67 MP: 6/6
  4319 | D:3      | Found an ornate altar of the Wu Jian Council.
  4320 | D:3      | Found a hazy altar of Hepliaklqana.
  4805 | D:4      | Reached skill level 7 in Fighting
  4952 | D:4      | Reached skill level 1 in Armour
  4952 | D:4      | Reached XP level 7. HP: 69/78 MP: 7/7
  4971 | D:4      | Found a white marble altar of Elyvilon.
  4974 | D:4      | Found a basalt altar of Yredelemnul.
  4977 | D:4      | Found a deep blue altar of Sif Muna.
  5360 | D:5      | Entered Level 5 of the Dungeon
  5478 | D:5      | Found a staircase to the Ecumenical Temple.
  5493 | Temple   | Entered the Ecumenical Temple
  5632 | D:5      | Noticed a hungry ghost
  5672 | D:5      | Killed a hungry ghost
  5674 | D:5      | Paralysed by fainting for 10 turns
  5814 | D:5      | HP: 2/78 [orc priest/nerve-wracking pain (3)]
  6471 | D:5      | Found an opulent altar of Gozag.
  6522 | D:5      | Reached XP level 8. HP: 61/87 MP: 8/8
  6549 | D:5      | Reached skill level 5 in Armour
  7552 | D:6      | Noticed Grinder
  7566 | D:6      | Killed Grinder
  7785 | D:6      | Killed from afar by an orc priest

Levels and vault maps discovered:
D:1:      matt_arrival_refuge, layout_loops_ring
D:2:      layout_basic, lemuel_coloured_pillars_altar, corner_web_ring,
          uniq_natasha, uniq_jessica
D:3:      layout_basic, gammafunk_temple_overflow_pools, serial_glass,
          glass_columns_a, glass_columns_b
D:4:      layout_loops_ring, grunt_temple_overflow_diamond, first_ration
D:5:      layout_loops_ring, minmay_temple_entry_offerings, basic_altar,
          st_stairs_11, kennysheep_generic_room_5
D:6:      layout_loops_cross, serial_shops, nicolae_shop_statue_plus,
          nrook_mini_vaults, uniq_crazy_yiuf_cottage, uniq_grinder
Temple:   lightli_temple_of_artemis

Skill      XL: |  1  2  3  4  5  6  7  8 |
---------------+-------------------------+-----
Fighting       | 3 4 5 6 7 |  7.0
Maces & Flails | 1 2 3 4 |  4.0
Armour         | 1 4 6 |  6.1
Throwing       | |  4.0
Dodging        | |  1.7
Stealth        | |  0.6

Action                   |  1- 3 |  4- 6 |  7- 9 || total
-------------------------+-------+-------+-------++-------
Melee: Short sword       |    16 |       |       ||    16
       Whip              |    69 |   154 |       ||   223
       Mace              |       |   114 |   182 ||   296
       Flail             |       |    39 |       ||    39
Throw: Large rock        |     2 |    13 |    12 ||    27
       Throwing net      |       |     2 |       ||     2
  Use: Scroll            |     3 |     9 |     7 ||    19
       Potion            |       |     4 |     7 ||    11
 Stab: Sleeping          |     3 |       |       ||     3
  Eat: Chunk             |       |    13 |     4 ||    17
       Ration            |       |       |     3 ||     3
Armor: Robe              |    49 |   155 |   139 ||   343
Dodge: Dodged            |    65 |   219 |   141 ||   425

Table legend:
 A = Non-vault XP
 B = Vault XP
 C = Vault XP percentage of total XP
 D = Non-vault monster count
 E = Vault monster count
 F = Vault count percentage of total count
                 A         B        C        D         E       F
            +---------+---------+-------+---------+---------+-------
      Total |    1495 |     391 |  20.7 |     110 |       5 |   4.3
            +---------+---------+-------+---------+---------+-------
        D:1 |      48 |       0 |   0.0 |      26 |       0 |   0.0
        D:2 |     182 |      72 |  28.3 |      23 |       2 |   8.0
        D:3 |     149 |       0 |   0.0 |      27 |       0 |   0.0
        D:4 |     349 |       0 |   0.0 |      14 |       0 |   0.0
        D:5 |     589 |      42 |   6.7 |      15 |       2 |  11.8
        D:6 |     178 |     277 |  60.9 |       5 |       1 |  16.7
            +---------+---------+-------+---------+---------+-------
